| TOP OF THE 1ST |
|
Nashville Sounds batting - Pitching for New Orleans Brass : RHP Mike Dunne
|
|
Pitching: RHP Mike Dunne
|
|
|
Batting: RHB Danny Bautista
|
0-0: Fly out, F6 (Popup, 6M, EV 70.0 MPH)
|
|
Batting: RHB George Arias
|
0-0: Ball 1-0: Ball 2-0: Foul Ball, location: 2F 2-1: Foul Ball, location: 2F 2-2: Foul Ball, location: 2F 2-2: Foul Ball, location: 2F 2-2: Ball 3-2: Base on Balls
|
|
Batting: LHB Dion James
|
0-0: SINGLE (Line Drive, 4MD, EV 100.0 MPH) George Arias to second
|
|
Batting: RHB Paul Konerko
|
0-0: Called Strike 0-1: Ball Wild Pitch! George Arias to third Dion James to second 1-1: Swinging Strike 1-2: Strikes out swinging
|
|
Batting: SHB Raul Casanova
|
0-0: Ball 1-0: Ball 2-0: Foul Ball, location: 2F 2-1: SINGLE (Groundball, 34D, EV 102.5 MPH) George Arias scores Dion James to third Runner from 3rd tries for Home, SAFE, no throw by RF
|
|
Batting: RHB Eli Marrero
|
0-0: Ball 1-0: Ball 2-0: Foul Ball, location: 2F 2-1: Ball 3-1: Base on Balls Raul Casanova to second
|
|
Batting: LHB Jeff Branson
|
0-0: Called Strike 0-1: Fly out, F5 (Popup, 5F, EV 68.8 MPH)
|
| Top of the 1st over - 2 runs, 2 hits, 0 errors, 2 left on base; Nashville 2 - New Orleans 0 |
| BOTTOM OF THE 1ST |
|
New Orleans Brass batting - Pitching for Nashville Sounds : LHP Tony Saunders
|
|
Pitching: LHP Tony Saunders
|
|
|
Batting: SHB Cecil Espy
|
0-0: Foul Ball, location: 2F 0-1: Foul Ball, location: 2F 0-2: Hit by Pitch
|
|
Batting: SHB Ruben Sierra
|
0-0: Ball 1-0: Ball 2-0: Foul Ball, location: 2F 2-1: Swinging Strike 2-2: Foul Ball, location: 2F 2-2: Ball 3-2: Strikes out swinging
|
|
Batting: RHB Carmelo Martinez
|
0-0: Called Strike 0-1: Foul Ball, location: 2F 0-2: Ball 1-2: Strikes out swinging
|
|
Batting: RHB Scott Brosius
|
0-0: Ball 1-0: Ball 2-0: Foul Ball, location: 2F 2-1: Swinging Strike 2-2: Ball 3-2: Strikes out swinging
|
| Bottom of the 1st over - 0 runs, 0 hits, 0 errors, 1 left on base; Nashville 2 - New Orleans 0 |
| TOP OF THE 2ND |
|
Nashville Sounds batting - Pitching for New Orleans Brass : RHP Mike Dunne
|
|
Batting: RHB Adam Riggs
|
0-0: Called Strike 0-1: Fly out, F8 (Flyball, 8LM, EV 95.6 MPH)
|
|
Batting: SHB Felix Martinez
|
0-0: Called Strike 0-1: Foul Ball, location: 2F 0-2: Ball 1-2: Ball 2-2: Fly out, F4 (Popup, 4, EV 68.8 MPH)
|
|
Batting: RHB Danny Bautista
|
0-0: Ball 1-0: Swinging Strike 1-1: Foul Ball, location: 2F 1-2: Ball 2-2: Ball 3-2: DOUBLE (Flyball, 8RXD, EV 103.8 MPH)
|
|
Batting: RHB George Arias
|
0-0: Called Strike 0-1: Ground out 6-3 (Groundball, 56, EV 83.1 MPH)
|
| Top of the 2nd over - 0 runs, 1 hit, 0 errors, 1 left on base; Nashville 2 - New Orleans 0 |
| BOTTOM OF THE 2ND |
|
New Orleans Brass batting - Pitching for Nashville Sounds : LHP Tony Saunders
|
|
Batting: SHB Jose L Cruz
|
0-0: Called Strike 0-1: Ball 1-1: Called Strike 1-2: Fly out, F7 (Flyball, 7LS, EV 92.5 MPH)
|
|
Batting: SHB Jose Vidro
|
0-0: Called Strike 0-1: DOUBLE (Line Drive, 5D, EV 95.6 MPH)
|
|
Batting: LHB Greg Myers
|
0-0: Called Strike 0-1: Ball 1-1: Called Strike 1-2: Strikes out swinging
|
|
Batting: SHB Wilson Delgado
|
0-0: Ball 1-0: Ball 2-0: Ball 3-0: Base on Balls
|
|
Batting: RHB Luis Ordaz
|
0-0: Ball 1-0: Called Strike 1-1: Swinging Strike 1-2: Ball 2-2: Ball 3-2: Strikes out swinging
|
| Bottom of the 2nd over - 0 runs, 1 hit, 0 errors, 2 left on base; Nashville 2 - New Orleans 0 |
| TOP OF THE 3RD |
|
Nashville Sounds batting - Pitching for New Orleans Brass : RHP Mike Dunne
|
|
Batting: LHB Dion James
|
0-0: Ball 1-0: Swinging Strike 1-1: Ball 2-1: SINGLE (Line Drive, 9S, EV 88.1 MPH)
|
|
Batting: RHB Paul Konerko
|
0-0: Called Strike 0-1: Swinging Strike 0-2: Strikes out looking
|
|
Batting: SHB Raul Casanova
|
0-0: Foul Ball, location: 2F 0-1: Foul Ball, location: 2F 0-2: SINGLE (Groundball, 6MD, EV 101.9 MPH) Dion James to second
|
|
Batting: RHB Eli Marrero
|
0-0: Ball 1-0: SINGLE (Line Drive, 89M, EV 88.1 MPH) Dion James to third Raul Casanova to second Runner from 3rd tries for Home, SAFE, throw by CF to home
|
|
Batting: LHB Jeff Branson
|
0-0: Ball 1-0: Foul Ball, location: 2F 1-1: SINGLE (Groundball, 56D, EV 97.5 MPH) Raul Casanova to third Eli Marrero to second
|
|
Batting: RHB Adam Riggs
|
0-0: Foul Ball, location: 2F 0-1: Called Strike 0-2: Strikes out swinging
|
|
Batting: SHB Felix Martinez
|
0-0: Fly out, F4 (Popup, 4M, EV 61.3 MPH)
|
| Top of the 3rd over - 1 run, 4 hits, 0 errors, 3 left on base; Nashville 3 - New Orleans 0 |
| BOTTOM OF THE 3RD |
|
New Orleans Brass batting - Pitching for Nashville Sounds : LHP Tony Saunders
|
|
Batting: SHB Cecil Espy
|
0-0: Ball 1-0: Swinging Strike 1-1: Ball 2-1: Ball 3-1: Swinging Strike 3-2: SINGLE (Line Drive, 4D, EV 95.6 MPH)
|
|
Batting: SHB Ruben Sierra
|
0-0: Called Strike 0-1: Ball 1-1: Ball 2-1: Foul Ball, location: 2F 2-2: Fielders Choice at 2nd, 2-4 (Groundball, 15S, EV 67.5 MPH)
|
|
Batting: RHB Carmelo Martinez
|
0-0: Ball 1-0: Called Strike 1-1: Called Strike 1-2: Foul Ball, location: 2F 1-2: Strikes out looking
|
|
Batting: RHB Scott Brosius
|
0-0: Called Strike 0-1: Foul Ball, location: 2F 0-2: Ball 1-2: Strikes out swinging
|
| Bottom of the 3rd over - 0 runs, 1 hit, 0 errors, 1 left on base; Nashville 3 - New Orleans 0 |
| TOP OF THE 4TH |
|
Nashville Sounds batting - Pitching for New Orleans Brass : RHP Mike Dunne
|
|
Batting: RHB Danny Bautista
|
0-0: Ball 1-0: Ball 2-0: Ball 3-0: Called Strike 3-1: Fly out, F8 (Flyball, 78XD, EV 93.1 MPH)
|
|
Batting: RHB George Arias
|
0-0: DOUBLE (Line Drive, 7LM, EV 102.5 MPH)
|
|
Batting: LHB Dion James
|
0-0: Ball 1-0: Foul Ball, location: 2F 1-1: Ball 2-1: SINGLE (Groundball, 56D, EV 94.4 MPH) George Arias to third Runner from 3rd tries for Home, SAFE, no throw by LF
|
|
Batting: RHB Paul Konerko
|
0-0: Ball 1-0: Ball 2-0: SINGLE (Line Drive, 89S, EV 101.9 MPH) Dion James to second
|
|
Batting: SHB Raul Casanova
|
0-0: Ball 1-0: SINGLE (Line Drive, 6MD, EV 103.1 MPH) Dion James to third Paul Konerko to second Runner from 3rd tries for Home, SAFE, no throw by CF
|
|
Pitching: RHP Todd Burns
|
|
|
Batting: RHB Eli Marrero
|
0-0: Called Strike 0-1: Ball 1-1: Called Strike 1-2: Fly out, F4 (Popup, 34D, EV 55.0 MPH)
|
|
Batting: LHB Jeff Branson
|
0-0: Fly out, F8 (Flyball, 78M, EV 77.5 MPH)
|
| Top of the 4th over - 2 runs, 4 hits, 0 errors, 2 left on base; Nashville 5 - New Orleans 0 |
| BOTTOM OF THE 4TH |
|
New Orleans Brass batting - Pitching for Nashville Sounds : LHP Tony Saunders
|
|
Batting: SHB Jose L Cruz
|
0-0: Called Strike 0-1: Swinging Strike 0-2: Ball 1-2: Strikes out swinging
|
|
Batting: SHB Jose Vidro
|
0-0: Ball 1-0: DOUBLE (Flyball, 8LXD, EV 101.9 MPH)
|
|
Batting: LHB Greg Myers
|
0-0: Called Strike 0-1: Ball 1-1: Swinging Strike 1-2: Strikes out swinging
|
|
Batting: SHB Wilson Delgado
|
0-0: Called Strike 0-1: Foul Ball, location: 2F 0-2: Ball 1-2: Ball 2-2: Ball 3-2: SINGLE (Line Drive, 7LS, EV 109.4 MPH) Jose Vidro to third Jose Vidro scores
|
|
Batting: RHB Luis Ordaz
|
0-0: Swinging Strike 0-1: Foul Ball, location: 2F 0-2: Ball 1-2: Fly out, F8 (Flyball, 8LM, EV 91.3 MPH)
|
| Bottom of the 4th over - 1 run, 2 hits, 0 errors, 1 left on base; Nashville 5 - New Orleans 1 |
| TOP OF THE 5TH |
|
Nashville Sounds batting - Pitching for New Orleans Brass : RHP Todd Burns
|
|
Batting: RHB Adam Riggs
|
0-0: Ball 1-0: Called Strike 1-1: Foul Ball, location: 2F 1-2: Fly out, F8 (Flyball, 8LM, EV 93.8 MPH)
|
|
Batting: SHB Felix Martinez
|
0-0: Ball 1-0: Foul Ball, location: 2F 1-1: Ball 2-1: Swinging Strike 2-2: Foul Ball, location: 2F 2-2: Foul Ball, location: 2F 2-2: Foul Ball, location: 2F 2-2: Strikes out swinging
|
|
Batting: RHB Danny Bautista
|
0-0: Called Strike 0-1: Ball 1-1: Ball 2-1: Fly out, F8 (Flyball, 89S, EV 81.9 MPH)
|
| Top of the 5th over - 0 runs, 0 hits, 0 errors, 0 left on base; Nashville 5 - New Orleans 1 |
| BOTTOM OF THE 5TH |
|
New Orleans Brass batting - Pitching for Nashville Sounds : LHP Tony Saunders
|
|
Batting: SHB Cecil Espy
|
0-0: Ball 1-0: Ball 2-0: Called Strike 2-1: SINGLE (Line Drive, 89S, EV 111.3 MPH)
|
|
Batting: SHB Ruben Sierra
|
0-0: Called Strike 0-1: Ball 1-1: Grounds into double play, 6-4-3 (Groundball, 6, EV 81.3 MPH)
|
|
Batting: RHB Carmelo Martinez
|
0-0: Ball 1-0: Called Strike 1-1: Swinging Strike 1-2: Ball 2-2: Strikes out swinging
|
| Bottom of the 5th over - 0 runs, 1 hit, 0 errors, 0 left on base; Nashville 5 - New Orleans 1 |
| TOP OF THE 6TH |
|
Nashville Sounds batting - Pitching for New Orleans Brass : RHP Todd Burns
|
|
Batting: RHB George Arias
|
0-0: Called Strike 0-1: Ball 1-1: Fly out, F8 (Line Drive, 8LD, EV 96.3 MPH)
|
|
Batting: LHB Dion James
|
0-0: Ball 1-0: Ball 2-0: Called Strike 2-1: Ball 3-1: SINGLE (Groundball, 6MD, EV 97.5 MPH)
|
|
Batting: RHB Paul Konerko
|
0-0: SINGLE (Line Drive, 6D, EV 96.9 MPH) Dion James to second
|
|
Batting: SHB Raul Casanova
|
0-0: Called Strike 0-1: Foul Ball, location: 2F 0-2: Ball 1-2: Strikes out looking
|
|
Batting: RHB Eli Marrero
|
0-0: Called Strike 0-1: Called Strike 0-2: Ball 1-2: Fly out, F8 (Line Drive, 8RD, EV 105.0 MPH)
|
| Top of the 6th over - 0 runs, 2 hits, 0 errors, 2 left on base; Nashville 5 - New Orleans 1 |
| BOTTOM OF THE 6TH |
|
New Orleans Brass batting - Pitching for Nashville Sounds : LHP Tony Saunders
|
|
Batting: RHB Scott Brosius
|
0-0: Foul Ball, location: 2F 0-1: Foul Ball, location: 2F 0-2: Strikes out swinging
|
|
Batting: SHB Jose L Cruz
|
0-0: SINGLE (Line Drive, 6D, EV 95.0 MPH)
|
|
Batting: SHB Jose Vidro
|
0-0: Ball 1-0: Called Strike 1-1: Foul Ball, location: 2F 1-2: Strikes out swinging
|
|
Batting: LHB Greg Myers
|
0-0: Ball 1-0: Fielders Choice at 2nd, 6-4 (Groundball, 6, EV 92.5 MPH)
|
| Bottom of the 6th over - 0 runs, 1 hit, 0 errors, 1 left on base; Nashville 5 - New Orleans 1 |
| TOP OF THE 7TH |
|
Nashville Sounds batting - Pitching for New Orleans Brass : RHP Todd Burns
|
|
Batting: LHB Jeff Branson
|
0-0: Ground out U3 (Groundball, 3, EV 106.9 MPH)
|
|
Batting: RHB Adam Riggs
|
0-0: Ball 1-0: Foul Ball, location: 2F 1-1: Swinging Strike 1-2: Ball 2-2: Strikes out looking
|
|
Batting: SHB Felix Martinez
|
0-0: Called Strike 0-1: Ball 1-1: Foul Ball, location: 2F 1-2: Foul Ball, location: 2F 1-2: Ball 2-2: Strikes out looking
|
| Top of the 7th over - 0 runs, 0 hits, 0 errors, 0 left on base; Nashville 5 - New Orleans 1 |
| BOTTOM OF THE 7TH |
|
New Orleans Brass batting - Pitching for Nashville Sounds : LHP Tony Saunders
|
|
Batting: SHB Wilson Delgado
|
0-0: Ball 1-0: Foul Ball, location: 2F 1-1: Called Strike 1-2: Foul Ball, location: 2F 1-2: Foul Ball, location: 2F 1-2: Ball 2-2: Strikes out swinging
|
|
Batting: RHB Luis Ordaz
|
0-0: Foul Ball, location: 2F 0-1: Ball 1-1: Ball 2-1: Ball 3-1: Fly out, F9 (Flyball, 9LSF, EV 77.5 MPH)
|
|
Batting: SHB Cecil Espy
|
0-0: Ball 1-0: Called Strike 1-1: Ball 2-1: SINGLE (Line Drive, 8LS, EV 100.0 MPH)
|
|
Batting: SHB Ruben Sierra
|
0-0: Called Strike 0-1: Ball 1-1: Swinging Strike 1-2: SINGLE (Line Drive, 6MD, EV 103.8 MPH) Cecil Espy to second
|
|
Batting: RHB Carmelo Martinez
|
0-0: Ball 1-0: Called Strike 1-1: SINGLE (Line Drive, 4D, EV 103.8 MPH) Cecil Espy to third Ruben Sierra to second Runner from 3rd tries for Home, SAFE, throw by RF to home
|
|
Batting: RHB Scott Brosius
|
0-0: Fielders Choice at 2nd, 6-4 (Groundball, 6, EV 105.0 MPH)
|
| Bottom of the 7th over - 1 run, 3 hits, 0 errors, 2 left on base; Nashville 5 - New Orleans 2 |
| TOP OF THE 8TH |
|
Nashville Sounds batting - Pitching for New Orleans Brass : RHP Todd Burns
|
|
Batting: RHB Danny Bautista
|
0-0: Foul Ball, location: 2F 0-1: SINGLE (Line Drive, 4D, EV 110.6 MPH)
|
|
Pitching: RHP Cris Carpenter
|
|
|
Batting: RHB George Arias
|
0-0: Bunted foul 0-1: Ball 1-1: Sac Bunt to 3S - play at first, batter OUT! 3-4 Danny Bautista to second
|
|
Batting: LHB Dion James
|
0-0: Foul Ball, location: 2F 0-1: Ball 1-1: Ball 2-1: Swinging Strike 2-2: Ball 3-2: Ground out 6-3 (Groundball, 6, EV 89.4 MPH) Danny Bautista to third
|
|
Batting: RHB Paul Konerko
|
0-0: Foul Ball, location: 2F 0-1: Called Strike 0-2: Strikes out looking
|
| Top of the 8th over - 0 runs, 1 hit, 0 errors, 1 left on base; Nashville 5 - New Orleans 2 |
| BOTTOM OF THE 8TH |
|
New Orleans Brass batting - Pitching for Nashville Sounds : LHP Tony Saunders
|
|
Now in RF: Larry Sutton
|
|
|
Batting: SHB Jose L Cruz
|
0-0: Foul Ball, location: 2F 0-1: Foul Ball, location: 2F 0-2: Ball 1-2: DOUBLE (Groundball, 5L, EV 105.0 MPH)
|
|
Pitching: RHP Jose J. Bautista
|
|
|
Batting: SHB Jose Vidro
|
0-0: Ball 1-0: Ball 2-0: Swinging Strike 2-1: Called Strike 2-2: Foul Ball, location: 2F 2-2: Ball 3-2: Foul Ball, location: 2F 3-2: Foul Ball, location: 2F 3-2: Base on Balls
|
|
Batting: LHB Greg Myers
|
0-0: Ball 1-0: Ball 2-0: Foul Ball, location: 2F 2-1: Foul Ball, location: 2F 2-2: Ball 3-2: Foul Ball, location: 2F 3-2: Strikes out swinging Jose Vidro steals 2nd base (no throw) Jose L Cruz steals 3rd base Batter strikes out.
|
|
Batting: SHB Wilson Delgado
|
0-0: Swinging Strike 0-1: Ball 1-1: Ball 2-1: Foul Ball, location: 2F 2-2: Fly out, F6 (Popup, 6M, EV 61.9 MPH)
|
|
Batting: RHB Luis Ordaz
|
0-0: Ball 1-0: Ball Wild Pitch! Jose L Cruz scores Jose Vidro to third 2-0: Swinging Strike 2-1: Ball 3-1: Ground out 5-3 (Groundball, 56S, EV 71.3 MPH)
|
| Bottom of the 8th over - 1 run, 1 hit, 0 errors, 1 left on base; Nashville 5 - New Orleans 3 |
| TOP OF THE 9TH |
|
Nashville Sounds batting - Pitching for New Orleans Brass : RHP Cris Carpenter
|
|
Batting: SHB Raul Casanova
|
0-0: Fly out, F7 (Flyball, 7LDF, EV 103.1 MPH)
|
|
Batting: RHB Eli Marrero
|
0-0: Swinging Strike 0-1: Ground out 6-3 (Groundball, 56, EV 106.3 MPH)
|
|
Batting: LHB Jeff Branson
|
0-0: Foul Ball, location: 2F 0-1: Ball 1-1: Ball 2-1: Fly out, F8 (Line Drive, 8RD, EV 91.9 MPH)
|
| Top of the 9th over - 0 runs, 0 hits, 0 errors, 0 left on base; Nashville 5 - New Orleans 3 |
| BOTTOM OF THE 9TH |
|
New Orleans Brass batting - Pitching for Nashville Sounds : RHP Jose J. Bautista
|
|
Pitching: RHP Chad Fox
|
|
|
Batting: SHB Cecil Espy
|
0-0: Fly out, F9 (Flyball, 9LM, EV 103.1 MPH)
|
|
Batting: SHB Ruben Sierra
|
0-0: Swinging Strike 0-1: Ball 1-1: Swinging Strike 1-2: Foul Ball, location: 2F 1-2: Foul Ball, location: 2F 1-2: Ball 2-2: Strikes out swinging
|
|
Batting: RHB Carmelo Martinez
|
0-0: Ground out 6-3 (Groundball, 56, EV 85.6 MPH)
|
| Bottom of the 9th over - 0 runs, 0 hits, 0 errors, 0 left on base; Nashville 5 - New Orleans 3 |
|